 Dungeon Crawl Stone Soup version 0.29-a0-322-g68df515428 (webtiles) character file.

Game seed: 1697344751060916837

329 bande the Skirmisher (level 6, -3/39 HPs)
             Began as a Gargoyle Fighter on Apr 8, 2022.
             Slain by a wight
             ... wielding a +5 war axe
              (5 damage)
             ... on level 3 of the Dungeon.
             The game lasted 00:04:23 (2192 turns).

bande the Skirmisher (Gargoyle Fighter)             Turns: 2192, Time: 00:04:23

Health: -3/39      AC: 21    Str: 19    XL:     6   Next: 51%
Magic:  6/6        EV:  5    Int:  9    God:
Gold:   71         SH:  4    Dex: 11    Spells: 5/5 levels left

rFire   . . .      SeeInvis .   a - +1 war axe
rCold   . . .      Faith    .   c - +0 buckler
rNeg    + . .      Spirit   .   r - +0 plate armour
rPois   ∞          Reflect  .   f - +0 helmet
rElec   +          Harm     .   (no cloak)
rCorr   .          Rampage  .   j - +1 pair of gloves
Will    .....                   i - +0 pair of boots
Stlth   ..........              (no amulet)
HPRegen 0.13/turn               (no ring)
MPRegen 0.10/turn               (no ring)

@: no status effects
A: sickness immunity, AC +4, negative energy resistance 1, electricity
resistance, torment resistance 1, petrification resistance
a: no special abilities


You were on level 3 of the Dungeon.
You visited 1 branch of the dungeon, and saw 3 of its levels.

You collected 71 gold pieces.

Inventory:

Hand Weapons
 a - a +1 war axe (weapon)
 b - a +0 war axe
Armour
 c - a +0 buckler (worn)
 f - a +0 helmet (worn)
 i - a +0 pair of boots (worn)
 j - a +1 pair of gloves (worn)
 r - a +0 plate armour (worn)
Jewellery
 e - a ring of wizardry
Scrolls
 k - 2 scrolls of identify
 q - a scroll of enchant weapon
Potions
 d - a potion of might
 g - a potion of haste
 h - 2 potions of curing
 o - a potion of mutation {unknown}
 p - a potion of cancellation {unknown}


   Skills:
 + Level 4.5 Fighting
 + Level 4.4 Axes
 + Level 4.5 Armour
 + Level 3.9 Shields


You had 5 spell levels left.
You didn't know any spells.
Your spell library contained the following spells:

 Spells                   Type           Power      Damage    Failure   Level
 Animate Skeleton         Necr           0%         N/A       100%        1
 Pain                     Necr           0%         1d4       100%        1
 Slow                     Hex            0%         N/A       100%        1


Dungeon Overview and Level Annotations

Branches:
Dungeon (3/15)

Altars:
The Shining One


Innate Abilities, Weirdness & Mutations

You are immune to sickness and miasma.
Your stone body is resilient. (AC +4)
You are immune to poison.
You resist negative energy. (rN+)
You are resistant to electric shocks. (rElec)
You are resistant to unholy torment.
You are immune to petrification.


Message History

The wight hits you with a +0 scimitar!
You hit the wight.
The wight is moderately damaged.
You hear the brisk rusting of a drain nearby.
The wight hits you but does no damage.
You hit the wight.
The wight is heavily damaged.
The wight hits you but does no damage.
You hit the wight but do no damage.
The wight is heavily damaged.
The wight hits you with a +0 scimitar!
* * * LOW HITPOINT WARNING * * *
The wight hits you but does no damage.
You hit the wight.
The wight is severely damaged.
You block the wight's attack.
You barely miss the wight.
The wight is severely damaged.
The wight hits you but does no damage.
You hit the wight but do no damage.
The wight is severely damaged.
The wight hits you but does no damage. You block the wight's attack.
You slash the wight!
You destroy the wight!
You closely miss the wight.
The wight hits you with a +4 scimitar of freezing.
* * * LOW HITPOINT WARNING * * *
The wight freezes you.
* * * LOW HITPOINT WARNING * * *
You slash the wight!
The wight is severely damaged.
The wight hits you but does no damage. You block the wight's attack.
You hit the wight.
You destroy the wight!
You hit the wight but do no damage. The wight hits you with a +5 war axe.
* * * LOW HITPOINT WARNING * * *
You hit the wight.
The wight is moderately damaged.
The wight hits you with a +5 war axe.
You die...

...............
#.###.........#### ..##
#.# #.........##.. ... #.#
#.........##.# ..# .≈.§≈
#.# #.........##.###..####
.≈.≈.
#.###.....[...##.#........
.≈.≈.
#.............##.#.....#
.≈.≈.
#.............##z#.....#
.≈.≈≈
#.....##.#.#####@#.....#
.≈...
#.....##.............###
.≈≈≈≈
#.#####...#..........#
..... #.# #...#..........#
##### #.##
#...#...(......# ########
...# #...#..........#
#......# ...#
#...#..........# #......#
# ...# #...######.#####
#......### ..#####...# #.#
#........


You could see a wight.

Vanquished Creatures
  4 wights (D:3)
  A gnoll (D:1)
  5 adders (D:2)
  2 dart slugs (D:3)
  4 ball pythons
  9 bats
  6 endoplasms
  4 giant cockroaches
  5 goblins
  4 hobgoblins
  7 jackals (D:1)
  6 kobolds
  A quokka (D:2)
  2 frilled lizards
  5 rats
65 creatures vanquished.

Vanquished Creatures (others)
  A plant (D:1)
1 creature vanquished.

Grand Total: 66 creatures vanquished

Notes
Turn   | Place    | Note
-------+----------+-------------------------------------------
     0 | D:1      | bande the Gargoyle Fighter began the quest for the Orb.
     0 | D:1      | Reached XP level 1. HP: 14/14 MP: 1/1
    28 | D:1      | Reached XP level 2. HP: 7/20 MP: 2/2
    43 | D:1      | HP: 1/20 [frozen (3)]
   357 | D:1      | Reached XP level 3. HP: 24/24 MP: 3/3
   717 | D:1      | Found a faded altar of an unknown god.
  1178 | D:2      | Reached XP level 4. HP: 29/29 MP: 4/4
  1344 | D:2      | Got Witchery for Absolute Beginners
  1853 | D:3      | Found a glowing golden altar of the Shining One.
  1942 | D:3      | Reached XP level 5. HP: 33/33 MP: 5/5
  2179 | D:3      | Reached XP level 6. HP: 27/39 MP: 6/6
  2192 | D:3      | Slain by a wight

Illustrated notes

Levels and vault maps discovered:
D:1:      nzn_arrival_crosshair, layout_basic,
          dilly_ecumenical_altar_fadedgnrine
D:2:      minmay_angry_zag, layout_basic
D:3:      layout_basic, mainiacjoe_overflow_concentric_impassable,
          gup_sewer_entry_glass, uniq_sigmund

Skill      XL: |  1  2  3  4  5 |
---------------+----------------+-----
Axes           | 2 3 4 |  4.4
Fighting       | 4 |  4.5
Armour         | 4 |  4.5
Shields        | |  3.9

Action                   |  1- 3 |  4- 6 || total
-------------------------+-------+-------++-------
Melee: War axe           |    89 |    92 ||   181
  Use: Scroll            |     5 |     6 ||    11
Armor: Scale mail        |    36 |       ||    36
       Chain mail        |    22 |    26 ||    48
       Plate armour      |       |    44 ||    44
Dodge: Dodged            |    43 |    31 ||    74
Block: Buckler           |    17 |    20 ||    37

Table legend: (Time is in decaauts)
 A = Elapsed time spent in this place.
 B = Non-inter-level travel time spent in this place.
 C = Inter-level travel time spent in this place.
 D = Time resting spent in this place.
 E = Time spent auto-exploring this place.
 F = Levels seen in this place.
 G = Mean time per level.
                   A        B        C        D        E       F      G
               +--------+--------+--------+--------+--------+-----+--------+
         Total |   2264 |   2214 |     50 |    296 |   1289 |   3 |  754.7 |
       Dungeon |   2264 |   2214 |     50 |    296 |   1289 |   3 |  754.7 |
               +--------+--------+--------+--------+--------+-----+--------+

Top non-repeatable levels by time:
     D:2: 961 daAuts
     D:1: 935 daAuts
     D:3: 367 daAuts
